 Dungeon Crawl Stone Soup version 0.31-a0-202-g547052bce9 (webtiles) character file.

Game seed: 13423186352359738197

496 qw the Skirmisher (level 6, -8/35 HPs)
             Began as a Deep Elf Hunter on June 26, 2023.
             Mangled by a mummy (15 damage)
             ... in an ossuary.
             The game lasted 00:01:30 (3591 turns).

qw the Skirmisher (Deep Elf Hunter)                 Turns: 3591, Time: 00:01:30

Health: -8/35      AC:  9    Str: 10    XL:     6   Next: 93%
Magic:  8/8        EV: 11    Int: 14    God:
Gold:   174        SH:  5    Dex: 18    Spells: 5/5 levels left

rFire   . . .        Y - +0 shortbow
rCold   . . .        (shield currently unavailable)
rNeg    . . .        d - +1 ring mail
rPois   .            (no helmet)
rElec   .            b - +2 cloak
rCorr   .            (no gloves)
SInv    .            (no boots)
Will    .....        e - amulet of reflection
Stlth   +            (no ring)
HPRegen 0.25/turn    (no ring)
MPRegen 0.11/turn

%: reflection
@: about to teleport
A: no striking features
a: no special abilities


You were in an ossuary.
You visited 1 branch of the dungeon, and saw 4 of its levels.
You also visited: Ossuary.

You collected 200 gold pieces.
You spent 26 gold pieces at shops.


   Skills:
 - Level 2.0 Fighting
 + Level 10.2 Ranged Weapons
 - Level 1.1 Armour
 - Level 3.1 Dodging
 - Level 1.2 Stealth


You had 5 spell levels left.
You didn't know any spells.
Your spell library was empty.

Inventory:

Hand Weapons
 Y - a +0 shortbow (weapon)
Armour
 b - a +2 cloak (worn)
 d - a +1 ring mail (worn)
Jewellery
 e - an amulet of reflection (around neck)
 f - a ring of ice
Scrolls
 h - a scroll of amnesia {unknown}
 j - 2 scrolls of identify
 k - a scroll of noise {unknown}
 n - 2 scrolls of blinking {unknown}
Potions
 a - a potion of magic {unknown}
 c - a potion of lignification {unknown}
 g - 6 potions of curing
 i - 4 potions of might
 m - a potion of ambrosia {unknown}
 o - a potion of resistance {unknown}
 p - a potion of berserk rage {unknown}

Dungeon Overview and Level Annotations

Branches:
Dungeon (4/15)            Ossuary (1/1)
 Temple: D:4-7

Altars:
Elyvilon

Shops:
D:1 *(*=


Message History

You open the door.
An orc skeleton comes into view.
There is an open door here.
You shoot an arrow. The arrow hits the orc skeleton!
You destroy the orc skeleton!
You open the door.
There is an open door here.
There is an open door here.
As you open the large door, it creaks loudly!
A mummy comes into view.
Found a purple potion.
You shoot an arrow. The arrow closely misses the mummy.
You shoot an arrow.
The arrow hits the mummy but does no damage.
The mummy hits you!
You shoot an arrow. The arrow hits the mummy.
The mummy is lightly damaged.
You shoot an arrow.
The arrow hits the mummy but does no damage.
The mummy is lightly damaged.
The mummy closely misses you.
You shoot an arrow. The arrow hits the mummy.
The mummy is lightly damaged.
The mummy hits you!
You shoot an arrow. The arrow hits the mummy!
The mummy is severely damaged.
You shoot an arrow.
The arrow hits the mummy but does no damage.
The mummy is severely damaged.
The mummy hits you.
3589 ||| READING scroll of teleportation.
As you read the scroll of teleportation, it crumbles to dust.
You feel strangely unstable.
You shoot an arrow. The arrow barely misses the mummy.
You block the mummy's attack.
You shoot an arrow.
The arrow hits the mummy but does no damage.
The mummy is severely damaged.
The mummy hits you!
You die...

##..# #..##...#
##.####..'...+
#.?# ####...#
#.## #.##'.## #.#
#'#.#'# ##'##
##.##.##
####...###.###..#
#..'...'.+## #.##
#.##.@.#..## #'#
#'###'M##..###.##
##.#
###!##..#...###
#!.# ####.'...'.#
##.## ###...###
#..# ##.## ##.##
### ##'#
#..###'## ##..#
##..#...###..##


You could see a mummy.

Vanquished Creatures
  An elf zombie (D:4)
  A scorpion (D:4)
  Jessica (D:3)
  Natasha (thrice) (D:3)
  11 mummies (Ossuary)
  4 adders
  A gnoll (D:3)
  2 dart slugs
  3 orcs (D:3)
  7 ball pythons
  8 bats
  4 endoplasms
  2 giant cockroaches
  13 goblins
  11 hobgoblins
  4 quokkas
  4 frilled lizards
  4 goblin skeletons (Ossuary)
  3 kobolds
  A kobold skeleton (Ossuary)
  3 orc skeletons
  4 rats
  11 rat skeletons (Ossuary)
106 creatures vanquished.

Vanquished Creatures (others)
  A ghoul (D:1)
  An octopode (D:1)
  A vine stalker (D:1)
  An elf (D:1)
  A vampire (D:1)
  A human (D:1)
  A naga (D:1)
  A demigod (D:1)
  2 ogres (D:1)
  A tengu (D:1)
  A felid (D:1)
  A gnoll (D:1)
  An orc (D:1)
  A kobold (D:1)
  5 tentacles (D:1)
20 creatures vanquished.

Grand Total: 126 creatures vanquished

Notes
Turn   | Place    | Note
-------+----------+-------------------------------------------
     0 | D:1      | qw the Deep Elf Hunter began the quest for the Orb.
     0 | D:1      | Reached XP level 1. HP: 12/12 MP: 3/3
     0 | D:1      | 0 ||| qw: Version: 0.3-a-22-g0ed2b0b
     0 | D:1      | 0 ||| qw: Game counter: 5785
     0 | D:1      | 0 ||| qw: Melee chars always use a shield: true
     0 | D:1      | 0 ||| qw: God list: Okawaru
     0 | D:1      | 0 ||| qw: Allow faded altars: false
     0 | D:1      | 0 ||| qw: Do Orc after clearing Dungeon:15 true
     0 | D:1      | 0 ||| qw: Do second Lair branch before Depths: true
     0 | D:1      | 0 ||| qw: Lair rune preference: random
     0 | D:1      | 0 ||| qw: Goals: Normal
     0 | D:1      | 0 ||| PLANNING D:1-11
     2 | D:1      | Noticed an ogre
     2 | D:1      | Noticed a naga
     2 | D:1      | Noticed a vampire
     2 | D:1      | Noticed a felid
     2 | D:1      | Noticed a tengu
     2 | D:1      | Noticed an ogre
     2 | D:1      | Noticed a human
     2 | D:1      | Noticed a kraken
     2 | D:1      | Noticed a ghoul
     2 | D:1      | Noticed an octopode
     2 | D:1      | Noticed a vine stalker
     2 | D:1      | Noticed a demigod
     2 | D:1      | Noticed an elf
     3 | D:1      | Killed a naga
     3 | D:1      | Killed a felid
     3 | D:1      | Killed a vampire
     5 | D:1      | Killed an ogre
     5 | D:1      | Killed a tengu
     6 | D:1      | Killed an ogre
     9 | D:1      | Killed an octopode
     9 | D:1      | Killed a demigod
     9 | D:1      | Killed a human
    10 | D:1      | Killed an elf
    12 | D:1      | 12 ||| DROPPING scroll of butterflies.
    13 | D:1      | Killed a vine stalker
    14 | D:1      | Killed a ghoul
    42 | D:1      | Found Koxt's Antique Weapon Shop.
   100 | D:1      | Found Atenet's General Store.
   103 | D:1      | Reached XP level 2. HP: 16/16 MP: 4/4
   104 | D:1      | Reached skill level 6 in Ranged Weapons
   107 | D:1      | 107 ||| SHOPLISTING scroll of identify (22 gold, have 0).
   164 | D:1      | 164 ||| FLEEEEING.
   165 | D:1      | 165 ||| FLEEEEING.
   166 | D:1      | 166 ||| FLEEEEING.
   167 | D:1      | 167 ||| FLEEEEING.
   168 | D:1      | 168 ||| FLEEEEING.
   225 | D:1      | Found Zethur's Jewellery Shop.
   228 | D:1      | 228 ||| FLEEEEING.
   248 | D:1      | 248 ||| SHOPLISTING +5 ring of evasion (468 gold, have 27).
   248 | D:1      | 248 ||| SHOPLISTING ring of Icyczy {rF+ rN+ EV+5 Str+5}
                  | (841 gold, have 27).
   248 | D:1      | 248 ||| SHOPLISTING ring of protection from cold (325 gold,
                  | have 27).
   477 | D:1      | Reached XP level 3. HP: 20/20 MP: 5/5
   478 | D:1      | Found Axin's General Store.
   505 | D:1      | 505 ||| SHOPLISTING +0 pair of boots of rampaging (149
                  | gold, have 30).
   505 | D:1      | 505 ||| SHOPLISTING ring of protection from cold (325 gold,
                  | have 30).
   505 | D:1      | 505 ||| BUYING scroll of identify (26 gold).
   505 | D:1      | Bought a scroll of identify for 26 gold pieces
   604 | D:1      | 604 ||| UPGRADING to +0 ring mail.
   614 | D:1      | 614 ||| DROPPING +0 leather armour.
   615 | D:1      | 615 ||| UPGRADING to amulet of reflection.
   620 | D:1      | 620 ||| READING scroll labelled HIONIL REOVUO.
   624 | D:1      | 624 ||| READING scroll labelled JAOGI KEROUJO.
   625 | D:1      | 625 ||| READING scroll labelled JUJA ATAIPN.
   844 | D:2      | Reached skill level 7 in Ranged Weapons
  1015 | D:2      | 1015 ||| READING scroll of enchant armour.
  1015 | D:2      | 1015 ||| ENCHANTING +0 ring mail.
  1080 | D:2      | Reached XP level 4. HP: 25/25 MP: 6/6
  1215 | D:2      | Found a faded altar of an unknown god.
  1621 | D:2      | 1621 ||| UPGRADING to +0 cloak.
  1626 | D:2      | 1626 ||| READING scroll labelled VOS BILLEWEOHE.
  1627 | D:2      | 1627 ||| READING scroll labelled WUUNU VARAUPP.
  1628 | D:2      | 1628 ||| DRINKING 6 clear potions.
  1629 | D:2      | 1629 ||| READING 3 scrolls of identify.
  1629 | D:2      | 1629 ||| IDENTIFYING dark potion
  1630 | D:2      | 1630 ||| READING 2 scrolls of identify.
  1630 | D:2      | 1630 ||| IDENTIFYING blue potion
  1631 | D:2      | 1631 ||| DROPPING potion of attraction.
  2015 | D:3      | Noticed Jessica
  2023 | D:3      | Killed Jessica
  2024 | D:3      | Reached skill level 8 in Ranged Weapons
  2199 | D:3      | Noticed Natasha
  2203 | D:3      | Killed Natasha
  2204 | D:3      | Reached XP level 5. HP: 29/29 MP: 7/7
  2232 | D:3      | Found a white marble altar of Elyvilon.
  2331 | D:3      | Noticed Natasha
  2333 | D:3      | Killed Natasha
  2391 | D:3      | Reached skill level 9 in Ranged Weapons
  2469 | D:3      | Noticed Natasha
  2477 | D:3      | Killed Natasha
  2601 | D:3      | 2601 ||| DROPPING amulet of regeneration.
  2602 | D:3      | 2602 ||| READING 4 scrolls labelled ECUNUSMIBU.
  2603 | D:3      | 2603 ||| READING scroll labelled PYCLEV DOHOLUU.
  2604 | D:3      | 2604 ||| DRINKING 2 murky blue potions.
  2605 | D:3      | 2605 ||| READING 2 scrolls of identify.
  2605 | D:3      | 2605 ||| IDENTIFYING brown potion
  2606 | D:3      | 2606 ||| DROPPING potion of brilliance.
  2607 | D:3      | 2607 ||| DROPPING 3 scrolls of immolation.
  2608 | D:3      | 2608 ||| DROPPING potion of degeneration.
  2632 | D:4      | 2632 ||| PLANNING OSSUARY
  2704 | D:4      | Reached XP level 6. HP: 27/35 MP: 8/8
  2752 | D:4      | Found the +8 demon blade "Leech" {evervamp, Harm Drain rN+}
  2973 | D:4      | Found a sand-covered staircase.
  2979 | Ossuary  | Entered an ossuary
  3033 | Ossuary  | Reached skill level 10 in Ranged Weapons
  3149 | Ossuary  | Reached skill level 3 in Dodging
  3303 | Ossuary  | 3303 ||| READING scroll of enchant armour.
  3303 | Ossuary  | 3303 ||| ENCHANTING +0 cloak.
  3408 | Ossuary  | Reached skill level 1 in Armour
  3492 | Ossuary  | 3492 ||| READING scroll of enchant armour.
  3492 | Ossuary  | 3492 ||| ENCHANTING +1 cloak.
  3588 | Ossuary  | HP: 6/35 [mummy (4)]
  3589 | Ossuary  | 3589 ||| READING scroll of teleportation.
  3591 | Ossuary  | Mangled by a mummy

Levels and vault maps discovered:
D:1:      nicolae_arrival_kraken_aquarium_b, layout_loops_ring, serial_shops,
          nicolae_shop_temple_entry_statues_fountains,
          nicolae_shop_window_shopping, shop, nicolae_shop_crystal
D:2:      layout_loops_corners, shapermc_ecumenical_altar_mp_vishouse,
          chequers_serial_rivers_small_3, st_stairs_5
D:3:      minmay_diamond_boxcup, layout_loops_ring,
          nicolae_elyvilon_peaceful_grove, uniq_natasha, uniq_jessica
D:4:      layout_gridville, nicolae_ossuary_entry_catacombs, uniq_blork_the_orc
Ossuary:  ossuary_due_small_catacomb

Skill      XL: |  1  2  3  4  5  6 |
---------------+-------------------+-----
Ranged Weapons | 6 7 8 9 10 | 10.2
Fighting       | 2 |  2.0
Dodging        | 3 |  3.1
Armour         | 1 |  1.1
Stealth        | |  1.2

Action                     |  1- 3 |  4- 6 || total
---------------------------+-------+-------++-------
   Fire: Shortbow          |   105 |   259 ||   364
    Use: Scroll            |     4 |    10 ||    14
         Potion            |       |     2 ||     2
 Armour: Leather armour    |     1 |       ||     1
         Ring mail         |     3 |    26 ||    29
  Dodge: Dodged            |    20 |    33 ||    53
  Block: Other             |     3 |    23 ||    26
         Reflection        |       |     1 ||     1

Table legend:
 A = Non-vault XP
 B = Vault XP
 C = Vault XP percentage of total XP
 D = Non-vault monster count
 E = Vault monster count
 F = Vault count percentage of total count
                 A         B        C        D         E       F
            +---------+---------+-------+---------+---------+-------
      Total |     287 |     422 |  59.5 |      63 |      43 |  40.6
            +---------+---------+-------+---------+---------+-------
        D:1 |      42 |       0 |   0.0 |      23 |       0 |   0.0
        D:2 |      69 |       3 |   4.2 |      21 |       2 |   8.7
        D:3 |      97 |     111 |  53.4 |      16 |      10 |  38.5
        D:4 |      79 |      92 |  53.8 |       3 |       2 |  40.0
    Ossuary |       0 |     216 | 100.0 |       0 |      29 | 100.0
            +---------+---------+-------+---------+---------+-------
